 Dungeon Crawl Stone Soup version 0.30-a0-587-gfd7c166f36 (webtiles) character file.

Game seed: 14722565293354990850

39 M4edhros the Charlatan (level 3, -1/23 HPs)
             Began as an Octopode Artificer on Jan 4, 2023.
             Slain by a centaur (6 damage)
             ... on level 4 of the Dungeon.
             The game lasted 00:02:02 (1020 turns).

M4edhros the Charlatan (Octopode Artificer)         Turns: 1020, Time: 00:02:02

Health: -1/23      AC:  1    Str: 11    XL:     3   Next: 45%
Magic:  3/3        EV: 13    Int: 13    God:
Gold:   84         SH:  0    Dex: 14    Spells: 2/2 levels left

rFire   . . .      SeeInvis .      - Unarmed
rCold   . . .      Faith    .    (no shield)
rNeg    . . .      Spirit   .    (helmet restricted)
rPois   .          Reflect  .    (no amulet)
rElec   .          Harm     .    (no ring)
rCorr   .          Rampage  .    (no ring)
Will    .....                    (no ring)
Stlth   +++                      (no ring)
HPRegen 0.23/turn                (no ring)
MPRegen 0.08/turn                (no ring)
                                 (no ring)
                                 (no ring)

@: flying
A: almost no armour, amphibious, 8 rings, camouflage 1, gelatinous body 1,
(nimble swimmer 1), tentacles
a: no special abilities


You were on level 4 of the Dungeon.
You visited 1 branch of the dungeon, and saw 4 of its levels.

You collected 84 gold pieces.

Inventory:

Wands
 b - a wand of flame (13) (quivered)
 c - a wand of charming (15)
 d - a wand of iceblast (5)
Scrolls
 e - a scroll of torment {unknown}
 g - 2 scrolls of identify {unknown}
 h - a scroll of enchant armour {unknown}
Potions
 a - 2 potions of curing


   Skills:
 + Level 1.5 Fighting
 + Level 2.6 Dodging
 + Level 2.2 Stealth
 * Level 1.4 Unarmed Combat
 + Level 3.6 Evocations


You had 2 spell levels left.
You didn't know any spells.
Your spell library contained the following spells:

 Spells                   Type           Power      Damage    Failure   Level
 Apportation              Tloc           0%         N/A       30%         1
 Magic Dart               Conj           0%         1d3       30%         1
 Searing Ray              Conj           0%         2d4       43%         2
 Fulminant Prism          Conj/Hex       0%         3d5       97%         4
 Alistair's Intoxication  Tmut/Pois      0%         N/A       100%        5


Dungeon Overview and Level Annotations

Branches:
Dungeon (4/15)
 Temple: D:4-7

Altars:


Innate Abilities, Weirdness & Mutations

You cannot wear most types of armour.
You are amphibious.
You can wear up to eight rings at the same time.
Your skin changes colour to match your surroundings (Stealth+).
Your rubbery body absorbs attacks. (AC +1, EV +1)
((You are camouflaged when in or above water. (Stealth+)))
You have tentacles for arms and can constrict up to eight enemies at once.


Message History

A centaur comes into view.
There is an open door here.
It was a potion of flight.
You feel very buoyant.
You fly up into the air.
It was a potion of curing.
You feel better.
Aiming: Iceblast
Press: ? - help, Shift-Dir - straight line
Okay, then.
The helpless centaur fails to defend itself.
You tentacle-slap the centaur but do no damage.
The centaur barely misses you. The centaur kicks you. The centaur hits you.
The centaur closely misses you.
You tentacle-slap the centaur. Your squeeze misses the centaur.
The centaur is lightly wounded.
The centaur closely misses you. The centaur kicks you.
You tentacle-slap the centaur but do no damage.
The centaur is lightly wounded.
The centaur hits you. The centaur closely misses you. The centaur misses you.
The centaur closely misses you.
You tentacle-slap the centaur but do no damage.
You squeeze the centaur.
The centaur is lightly wounded.
The centaur completely misses you. The centaur kicks you.
You tentacle-slap the centaur. You squeeze the centaur.
The centaur is moderately wounded.
The centaur hits you. The centaur kicks you.
You closely miss the centaur.
The centaur is moderately wounded.
The centaur barely misses you. The centaur kicks you.
* * * LOW HITPOINT WARNING * * *
The centaur completely misses you. The centaur kicks you.
* * * LOW HITPOINT WARNING * * *
Aiming: Throw Flame
Press: ? - help, Shift-Dir - straight line, f - centaur
Aim: a centaur (moderately wounded, 83% to hit)
The puff of flame hits the centaur.
The centaur is heavily wounded.
The centaur hits you.
You die...

#.###+# #.....#
#.....###
#.....[.##+##
#.....#.#...#
#.....#'#...#+#
#######'#####.......#
............###...###
######...##...+.@c+
.....'...##...#####
..####...##.....#
##..##...# #.......#
#..)....# ###
######....##..+
...............#
.######......#..


You could see a centaur.

Vanquished Creatures
  A dart slug (D:1)
  4 orcs (D:4)
  4 bats
  An endoplasm (D:2)
  6 goblins
  4 hobgoblins
  2 quokkas
  3 ball pythons
  A frilled lizard (D:1)
  2 kobolds
  A rat (D:2)
29 creatures vanquished.

Notes
Turn   | Place    | Note
-------+----------+-------------------------------------------
     0 | D:1      | M4edhros the Octopode Artificer began the quest for the
                  | Orb.
     0 | D:1      | Reached XP level 1. HP: 13/13 MP: 1/1
   164 | D:1      | Reached XP level 2. HP: 7/18 MP: 2/2
   289 | D:2      | Reached skill level 1 in Unarmed Combat
   651 | D:2      | Reached XP level 3. HP: 23/23 MP: 3/3
  1008 | D:4      | Noticed a centaur
  1020 | D:4      | Slain by a centaur

Illustrated notes

Levels and vault maps discovered:
D:1:      scummos_arrival_hexagon, layout_loops_ring, serial_co_window_serial,
          co_window_paths_b, co_window_corner_a, co_window_paths_a,
          co_window_paths_b, co_window_of_opportunity_a, co_window_broadway_b,
          co_window_corner_cb, co_window_corner_b, co_window_corner_b,
          co_window_4corner_a, glass_columns_c
D:2:      layout_loops_corners
D:3:      layout_loops_cross, nemelex_xobeh_ov_fountains_minmay,
          dreamdust_ecumenical_altar_statues
D:4:      nicolae_cairo_tiling_large, layout_basic

Skill      XL: |  1  2 |
---------------+-------+-----
Unarmed Combat | 1 |  1.4
Stealth        | 2 |  2.2
Fighting       | |  1.5
Dodging        | |  2.6
Evocations     | |  3.6

Action                   || total
-------------------------++-------
Melee: Unarmed           ||    85
       Constrict         ||    23
       Tentacles         ||    16
       Punch             ||     1
Evoke: Wand              ||     2
  Use: Potion            ||     2
 Stab: Sleeping          ||    10
       Distracted        ||     1
Armor: Skin              ||     5
Dodge: Dodged            ||    65

Table legend: (Time is in decaauts)
 A = Elapsed time spent in this place.
 B = Non-inter-level travel time spent in this place.
 C = Inter-level travel time spent in this place.
 D = Time resting spent in this place.
 E = Time spent auto-exploring this place.
 F = Levels seen in this place.
 G = Mean time per level.
                   A        B        C        D        E       F      G
               +--------+--------+--------+--------+--------+-----+--------+
         Total |   1017 |    975 |     42 |     62 |    645 |   4 |  254.2 |
       Dungeon |   1017 |    975 |     42 |     62 |    645 |   4 |  254.2 |
               +--------+--------+--------+--------+--------+-----+--------+

Top non-repeatable levels by time:
     D:2: 574 daAuts
     D:4: 228 daAuts
     D:1: 193 daAuts
     D:3: 20 daAuts
